AoeStats
← MRG621

Pilgrims

508799686Analyzed
4v4 RM · 7d ago on Sep 24, 2026· 63m 19s· 8 players
Game mode
Random Map
Map size
Large (8 player)
Population
200
Speed
Normal
Resources
Standard
Victory
Conquest
Starting age
Dark Age
Ending age
Imperial Age
RankedLock teamsTeams togetherTeam positionsShared explorationLock speedFull tech treeHidden civsTurbo modeCheats
Victory
Defeat
🇵🇪 Slavs · Peru
1047
+13
🇹🇷 Cumans · Türkiye
1031
+14
🇳🇿 Britons · New Zealand
1004
+15
🇯🇵 Varangians · Japan
996
+15
🇺🇸 Koreans · United States
1011
-15
🇲🇽 Huns · Mexico
984
-14
🇺🇸 Varangians · United States
976
-14
🇺🇸 Danes · United States
973
-14
TheProtagoniist
6:49 Loom
12:16 Feudal Age
18:51 Castle Age
19:36 Bloodlines
19:47 Scale Barding Armor
21:06 Double-Bit Axe
21:12 Horse Collar
24:32 Husbandry
27:35 Forging
30:16 Chain Barding Armor
31:07 Wheelbarrow
32:25 Iron Casting
32:10 Town Watch
32:34 Light Cavalry
34:15 Heavy Plow
35:07 Bow Saw
36:43 Vendel Legacy
41:33 Gold Mining
45:18 Imperial Age
45:20 Cavalier
46:57 Plate Barding Armor
49:03 Blast Furnace
49:29 Guilds
49:38 Elite Jarl
Yaksha Cao Cao
3:18 Loom
12:47 Feudal Age
16:07 Gold Mining
16:04 Double-Bit Axe
16:01 Horse Collar
20:47 Castle Age
21:13 Fletching
21:23 Padded Archer Armor
21:57 Bodkin Arrow
23:47 Wheelbarrow
24:07 Medium Warships
28:33 Gambesons
28:49 Squires
28:34 Arson
29:31 Heavy Plow
29:43 Bow Saw
30:23 Scale Mail Armor
30:33 Forging
30:53 Hand Cart
33:57 Chain Mail Armor
36:02 Elite Skirmisher
39:15 Hamask
48:53 Town Watch
DJSTONKS
10:56 Feudal Age
11:27 Double-Bit Axe
17:00 Castle Age
17:33 Loom
18:11 Fletching
20:55 Bow Saw
24:54 Clinker Construction
27:02 Bodkin Arrow
28:34 Ballistics
29:40 Gold Mining
35:11 Town Watch
39:08 Imperial Age
37:15 Wheelbarrow
36:41 Town Patrol
36:25 Horse Collar
38:02 Masonry
37:32 Treadmill Crane
40:05 Arrowslits
41:21 Chemistry
42:06 Eupseong
42:28 Conscription
43:24 Heavy Plow
45:57 Murder Holes
48:26 Architecture
50:11 Bracer
50:22 Forging
50:13 Scale Mail Armor
50:26 Pikeman
51:07 Squires
MRG621
13:01 Feudal Age
16:15 Gold Mining
16:16 Stone Mining
16:12 Double-Bit Axe
23:14 Castle Age
21:46 Forging
21:41 Scale Barding Armor
23:00 Bloodlines
28:22 Husbandry
29:03 Iron Casting
29:51 Wheelbarrow
29:02 Loom
31:33 Gold Shaft Mining
31:10 Bow Saw
30:29 Light Cavalry
32:01 Fishing Lines
32:54 Chain Barding Armor
33:13 Hand Cart
33:52 Marauders
36:30 Ballistics
40:00 Imperial Age
39:06 Horse Collar
39:46 Fletching
41:17 Conscription
42:37 Blast Furnace
42:51 Two-Man Saw
42:14 Heavy Plow
42:58 Plate Barding Armor
43:00 Elite Tarkan
49:18 Parthian Tactics
49:23 Heavy Cavalry Archer
50:52 Thumb Ring
Huldron
12:41 Feudal Age
13:13 Double-Bit Axe
14:43 Fishing Lines
16:39 Loom
20:21 Castle Age
19:56 Horse Collar
20:08 Fletching
22:21 Gillnets
23:22 Bodkin Arrow
25:34 Wheelbarrow
24:52 Stone Mining
24:52 Gold Mining
25:22 Medium Warships
28:05 Hand Cart
29:11 Bow Saw
29:57 Gold Shaft Mining
35:51 Imperial Age
34:32 Murder Holes
34:58 Ballistics
36:35 Town Watch
37:20 Bracer
38:24 Chemistry
38:32 Conscription
37:39 Elite Longbowman
39:49 Yeomen
40:07 Padded Archer Armor
41:03 Heavy Plow
42:07 Two-Man Saw
43:08 Caravan
46:54 Pikeman
47:50 Forging
47:41 Scale Mail Armor
48:03 Siege Engineers
47:39 Treadmill Crane
51:28 Squires
52:08 Iron Casting
51:49 Chain Mail Armor
51:47 Masonry
53:58 Town Patrol
58:19 Blast Furnace
57:50 Plate Mail Armor
57:53 Architecture
60:23 Spies/Treason
62:11 Warwolf
62:31 Leather Archer Armor
62:22 Scale Barding Armor
Jc
8:05 Loom
10:26 Feudal Age
11:33 Double-Bit Axe
13:40 Fishing Lines
21:05 Castle Age
20:12 Wheelbarrow
21:48 Gillnets
22:09 Medium Warships
23:20 Bow Saw
32:21 Hand Cart
32:13 Stone Mining
32:21 Gold Mining
33:37 Horse Collar
33:43 Town Watch
38:09 Imperial Age
36:46 Detinets
36:55 Scale Barding Armor
37:07 Forging
37:53 Gold Shaft Mining
37:46 Bloodlines
37:36 Husbandry
38:13 Heavy Plow
38:34 Chain Barding Armor
39:19 Iron Casting
39:41 Conscription
41:33 Hoardings
40:19 Elite Boyar
41:37 Plate Barding Armor
42:17 Blast Furnace
44:32 Fletching
54:25 Two-Man Saw
53:29 Bodkin Arrow
54:05 Crop Rotation
58:16 Spies/Treason
Eskiçeri
4:34 Loom
12:29 Feudal Age
19:24 Castle Age
19:56 Double-Bit Axe
19:54 Horse Collar
23:45 Bloodlines
26:50 Bow Saw
27:27 Wheelbarrow
27:55 Ballistics
29:19 Padded Archer Armor
29:09 Fletching
29:57 Thumb Ring
30:25 Hand Cart
33:05 Leather Archer Armor
32:46 Bodkin Arrow
32:57 Scale Barding Armor
33:04 Forging
33:01 Gold Mining
33:13 Heavy Plow
37:08 Imperial Age
38:41 Parthian Tactics
40:59 Heavy Cavalry Archer
43:52 Two-Man Saw
43:25 Crop Rotation
44:45 Chemistry
45:10 Cavalier
LWwcnm
10:40 Feudal Age
14:55 Fishing Lines
16:57 Loom
17:06 Stone Mining
21:14 Castle Age
19:14 Fletching
21:30 Double-Bit Axe
21:40 Gold Mining
22:16 Medium Warships
21:58 Gillnets
22:49 Bow Saw
24:47 Vendel Legacy
28:05 Stone Shaft Mining
29:32 Wheelbarrow
31:56 Hand Cart
32:58 Bodkin Arrow
35:53 Ballistics
35:44 Clinker Construction
35:45 Careening
39:06 Imperial Age
36:23 Town Watch
40:16 Conscription
40:51 Heavy Warships
39:53 Elite Longship
40:39 Bracer
41:42 Chemistry
41:07 Dry Dock
40:29 Treadmill Crane
42:47 Two-Man Saw
44:46 Elite Jarl
44:52 Gothikon
45:54 Pikeman
46:41 Scale Mail Armor
46:51 Forging
46:40 Murder Holes
46:56 Masonry
47:09 Carvel Hull
47:07 Halberdier
47:50 Squires
48:10 Elite Varangian Guard
49:29 Iron Casting
49:10 Chain Mail Armor
51:19 Blast Furnace
50:35 Arson
51:59 Plate Mail Armor
54:43 Scale Barding Armor
54:39 Padded Archer Armor
55:12 Architecture
54:49 Siege Engineers
55:07 Shipwright
54:57 Siege Engineers
59:30 Carvel Hull
59:12 Spies/Treason
Connection lost

Rejoining the realm…

Still unreachable

The connection could not be restored.

Session expired

The server has moved on; the page needs a fresh start.